Map: Winter Madness LE

Players

Krystianer

  • Race: Protoss Protoss
  • League: Grandmaster
  • Spawn Location: 5:00

Harstem - Winner!

  • Race: Protoss Protoss
  • League: Grandmaster
  • Spawn Location: 11:00

VOD

Have the link to the VOD?

Description

my bad I didn't mean to upload this I haven't even seen the game so idk what happens ;/

Time

  • Played on: Jan. 31, 2026, 7:10 a.m.
  • Length: 10:59
Show
View Real Time Build Order
Export as new Build Order

Krystianer Protoss 

Build Orders:  

Get SALT Encoding   

  12  0:00  Probe  
  13  0:12  Probe  
  14  0:17  Pylon  
  14  0:23  Probe  
  15  0:31  Probe  
  16  0:37  Gateway  
  16  0:39  Probe  
  16  0:45  Assimilator  
  17  0:51  Probe  
  17  0:54  Assimilator  
  18  0:59  Probe  
  19  1:07  Gateway, Probe  
  19  1:17  Probe  
  20  1:23  Cybernetics Core  
  21  1:29  Probe  
  22  1:35  Pylon  
  22  1:41  Probe  
  23  1:53  Probe  
  24  1:55  Warp Gate  
  24  1:57  Stalker  
  24  2:00  Sentry  
  28  2:06  Probe  
  29  2:12  Pylon  
  29  2:20  Probe  
  30  2:27  Stalker  
  30  2:31  Sentry  
  34  2:45  Nexus  
  34  2:53  Shield Battery  
  34  2:54  Sentry  
  34  2:58  Stalker  
  38  3:09  Pylon  
  38  3:20  Robotics Facility  
  38  3:22  Shield Battery  
  39  3:41  Pylon  
  39  3:44  Stalker x2  
  42  4:00  Shield Battery  
  42  4:06  Immortal  
  42  4:07  Stalker x2  
  50  4:28  Shield Battery  
  50  4:33  Shield Battery  
  50  4:35  Stalker  
  52  4:39  Stalker  
  54  4:46  Shield Battery  
  54  4:52  Immortal  
  54  4:57  Shield Battery  
  58  5:08  Pylon  
  58  5:11  Shield Battery  
  58  5:31  Stalker x2  
  58  5:33  Warp Prism  
  64  5:55  Zealot x2  
  66  5:59  Immortal  
  66  6:15  Stalker  
  56  6:30  Stalker  
  58  6:32  Immortal  
  58  6:38  Shield Battery  
  62  6:51  Sentry  
  64  6:55  Pylon  
  64  7:04  Pylon  
  62  7:21  Gateway  
  62  7:38  Nexus  
  62  7:48  Probe  
  63  7:51  Phoenix  
  61  8:02  Probe  
  62  8:15  Probe  
  63  8:30  Twilight Council  
  63  8:31  Pylon  
  63  8:38  Probe  
  63  8:50  Probe x2  
  65  8:57  Blink  
  65  9:02  Shield Battery, Probe  
  66  9:11  Gateway  
  66  9:12  Sentry, Gateway  
  66  9:13  Sentry  
  66  9:16  Probe  
  63  9:36  Sentry x2  
  63  9:37  Probe  
  63  9:38  Shield Battery  
  54  9:59  Stalker x2  
  54  10:08  Stalker x2  
  56  10:17  Probe  
  56  10:18  Probe  
  62  10:28  Stalker x2  
  50  10:38  Probe  
  43  10:45  Stalker x2  
Show
View Real Time Build Order
Export as new Build Order

Harstem Protoss - Winner!

Build Orders:  

Get SALT Encoding   

  12  0:00  Probe  
  13  0:12  Probe  
  14  0:17  Pylon  
  14  0:24  Probe  
  15  0:32  Probe  
  15  0:36  Gateway  
  15  0:40  Probe  
  16  0:45  Assimilator  
  17  0:51  Probe  
  17  0:53  Assimilator  
  18  0:59  Probe  
  19  1:06  Gateway  
  19  1:07  Probe  
  20  1:17  Probe  
  20  1:23  Cybernetics Core  
  21  1:29  Probe  
  22  1:35  Pylon  
  22  1:41  Probe  
  23  1:53  Probe  
  24  1:57  Stalker  
  24  1:59  Robotics Facility  
  24  2:00  Warp Gate  
  26  2:06  Stalker  
  26  2:15  Pylon  
  28  2:19  Probe  
  31  2:36  Warp Prism, Adept  
  31  2:37  Adept  
  35  3:02  Immortal  
  35  3:04  Pylon  
  38  3:19  Robotics Bay  
  38  3:27  Pylon  
  38  3:41  Immortal  
  42  3:50  Adept x2  
  42  3:53  Pylon  
  46  4:10  Disruptor  
  46  4:21  Gateway, Zealot  
  52  4:29  Stalker  
  54  4:35  Pylon  
  54  4:50  Disruptor  
  58  5:03  Adept x2  
  58  5:06  Pylon  
  62  5:33  Stalker x3  
  60  5:54  Immortal  
  64  5:57  Stalker x2  
  64  6:14  Adept  
  64  6:21  Adept x3  
  56  6:43  Zealot x2  
  64  6:59  Stargate  
  60  7:02  Stalker  
  60  7:04  Stalker x2, Shield Battery  
  62  7:39  Sentry x2  
  62  7:43  Probe  
  67  7:44  Nexus  
  67  7:47  Pylon  
  67  7:49  Phoenix  
  69  7:59  Probe  
  63  8:17  Probe  
  64  8:29  Probe  
  65  8:41  Probe, Stalker  
  65  8:45  Stalker  
  70  8:58  Adept  
  70  8:59  Probe  
  73  9:07  Probe  
  74  9:20  Stalker  
  68  9:33  Adept x2  
  68  9:35  Probe x2  
  72  9:43  Probe x2  
  76  9:53  Adept  
  76  9:57  Probe  
  79  10:00  Probe  
  78  10:22  Void Ray  
  78  10:23  Stalker x3  
  82  10:34  Probe x2  
  74  10:46  Probe  
  74  10:47  Probe  
  68  10:51  Twilight Council  
Tags
 
Add a new tag
Caveats
  • Supply blocks, unpowered buildings, or Contaminate may cause inaccurate times.
  • Supply counts are checked every 10 seconds.